 Dungeon Crawl Stone Soup version 0.19-a0-790-ge39e1af (console) character file.

33 brucemayne the Chopper (level 3, 0/28 HPs)
             Began as a Vampire Berserker on June 26, 2016.
             Was a Follower of Trog.
             Killed by nerve-wracking pain
             ... invoked by Jessica
              (10 damage)
             ... on level 3 of the Dungeon.
             The game lasted 00:03:09 (442 turns).

brucemayne the Chopper (Vampire Berserker)           Turns: 442, Time: 00:03:09

Health: 0/28       AC:  5    Str: 17    XL:     3   Next: 12%
Magic:  3/3        EV: 12    Int:  9    God:    Trog [*.....]
Gold:   26         SH:  0    Dex: 13    Spells: 0 memorised, 2 levels left

rFire  . . .     SeeInvis +     a - +0 hand axe
rCold  + . .     Gourm    .     b - +0 animal skin
rNeg   + . .     Faith    .     (no shield)
rPois  .         Spirit   .     (no helmet)
rElec  .         Dismiss  .     (no cloak)
rCorr  .         Reflect  .     (no gloves)
SustAt .         Harm     .     (no boots)
MR     .....                    (no amulet)
Stlth  +.........               m - +3 ring of protection
                                d - ring of protection from cold

@: slowed, very slow, not resistant to hostile enchantments, very unstealthy
A: fangs 3, see invisible, unbreathing
a: Bat Form, Berserk, Burn Spellbooks, Renounce Religion


You were on level 3 of the Dungeon.
You worshipped Trog.
Trog was aware of your devotion.
You were not thirsty.

You visited 1 branch of the dungeon, and saw 3 of its levels.

You collected 26 gold pieces.

Inventory:

Hand Weapons
 a - a +0 hand axe (weapon)
Missiles
 i - 13 poisoned needles
Armour
 b - a +0 animal skin (worn)
Jewellery
 d - a ring of protection from cold (left hand)
 g - an uncursed ring of wizardry
 m - a +3 ring of protection (right hand)
Scrolls
 h - a scroll of identify {unknown}
 j - a scroll of random uselessness {unknown}
 n - 3 scrolls of immolation {unknown}
Potions
 c - 11 potions of blood
 e - a potion of cure mutation {unknown}
 f - a potion of ambrosia {unknown}
 k - a potion of curing {unknown}
 l - a potion of flight {unknown}


   Skills:
 - Level 2.6 Fighting
 + Level 3.9 Axes
 - Level 1.5 Armour
 - Level 2.1 Dodging


You had 2 spell levels left.
You didn't know any spells.

Dungeon Overview and Level Annotations

Branches:
Dungeon (3/15)

Altars:

Annotations:
D:3 Jessica


Innate Abilities, Weirdness & Mutations

You have razor-sharp teeth.
You have supernaturally acute eyesight. (SInv)
You can survive without breathing.


Message History

m - a tubular diamond ring
There are no items here.
Put on which piece of jewellery? (? for menu, Esc to quit)
m - a +3 ring of protection (right hand)
n - 3 scrolls labeled JAXIWNUCEEDGH
There are no items here.
Jessica the Apprentice Sorceress comes into view.
She is wielding a dagger.
You feel less exhausted.
Jessica shouts!
Jessica casts a spell at you.
You feel yourself slow down. Jessica completely misses you.
A giant cockroach comes into view.
Jessica gestures at you while chanting. Pain shoots through your body!
Jessica casts a spell.
Jessica blinks!
Jessica points at you and mumbles some strange words.
Pain shoots through your body!
You die...

############
#..........#..
#.@........#..
#.............
#..........#..
######...)@........
...................
###########..###..
. #.ยง.# ...
.####.#.##.....
...............
.s..##.........
#.###....!#...## .
...##...#..#


You could see Jessica.

Vanquished Creatures
  A gnoll (D:3)
  A giant gecko (D:1)
  2 giant cockroaches (D:1)
  8 hobgoblins (D:1)
  3 kobolds (D:1)
  2 bats
  A giant newt (D:1)
  A rat (D:1)
19 creatures vanquished.

Notes
Turn   | Place    | Note
--------------------------------------------------------------
     0 | D:1      | brucemayne the Vampire Berserker began the quest for the Orb.
     0 | D:1      | Reached XP level 1. HP: 17/17 MP: 1/1
    41 | D:1      | Reached skill level 3 in Axes
    70 | D:1      | Reached XP level 2. HP: 7/23 MP: 2/2
   390 | D:3      | Reached XP level 3. HP: 19/28 MP: 3/3
   435 | D:3      | Noticed Jessica
   442 | D:3      | Killed from afar by Jessica

Vault maps used:
D:1:      kennysheep_arrival_forest
D:2:      first_bread, uniq_natasha
D:3:      grunt_temple_overflow_gold_and_silver, serial_park_tiny_pond,
          roderic_roman_lattice, uniq_jessica

Skill      XL: |  1 |
---------------+----+-----
Axes           | 3 |  3.9
Fighting       | |  2.6
Armour         | |  1.5
Dodging        | |  2.1

Action                   || total
-------------------------++-------
Melee: Hand axe          ||    60
       Bite              ||     5
Invok: Berserk           ||     2
  Use: Potion            ||     1
 Stab: Sleeping          ||     1
Armor: Animal skin       ||     8
Dodge: Dodged            ||    48
